 Dungeon Crawl Stone Soup version 0.18-a0-1788-g92de1ac (webtiles) character file.

10238 Tarnath the Protected (level 11, -12/97 HPs)
             Began as a Deep Dwarf Fighter on Apr 18, 2016.
             Was an Elder of Pakellas.
             Mangled by a komodo dragon (23 damage)
             ... on level 11 of the Dungeon on Apr 19, 2016.
             The game lasted 02:45:55 (9090 turns).

Tarnath the Protected (Deep Dwarf Fighter)          Turns: 9090, Time: 02:45:55

Health: -12/97     AC: 15    Str: 22    XL:     11   Next: 33%
Magic:  13/18      EV:  8    Int:  9    God:    Pakellas [****..]
Gold:   620        SH: 11    Dex: 15    Spells: 0 memorised, 10 levels left

rFire  . . .     SeeInvis .     J - +2 whip (venom)
rCold  . . .     Gourm    .     b - +0 scale mail
rNeg   . . .     Faith    .     c - +0 shield
rPois  .         Spirit   .     C - +0 helmet
rElec  .         Dismiss  .     r - +0 cloak
rCorr  +         Reflect  .     u - +0 pair of gloves
SustAt .         Harm     .     x - +1 pair of boots
MR     +....                    (no amulet)
Stlth  ..........               p - +2 ring of strength
                                h - ring of resist corrosion

@: non-regenerating, somewhat resistant to hostile enchantments, extremely
unstealthy
A: damage resistance, recharge devices, sense surroundings 2, slow regeneration
3
a: Device Recharging, Quick Charge, Device Surge, Renounce Religion


You were on level 11 of the Dungeon.
You worshipped Pakellas.
Pakellas was greatly pleased with you.
You were not hungry.

You visited 1 branch of the dungeon, and saw 11 of its levels.

You collected 620 gold pieces.

Inventory:

Hand Weapons
 J - a +2 whip of venom (weapon)
Armour
 b - a +0 scale mail (worn)
 c - a +0 shield (worn)
 r - a +0 cloak (worn)
 u - a +0 pair of gloves (worn)
 x - a +1 pair of boots (worn)
 C - a +0 helmet (worn)
Jewellery
 h - a ring of resist corrosion (left hand)
 p - a +2 ring of strength (right hand)
Wands
 e - a wand of heal wounds (1/9)
 o - a wand of slowing (4/48)
 z - a wand of iceblast (1/15)
 A - a wand of acid (8/15)
 B - a wand of confusion (26/48)
Scrolls
 g - 3 scrolls of remove curse
 j - 3 scrolls of teleportation
 k - 2 scrolls of enchant weapon
 D - a scroll of recharging
 H - 2 scrolls of holy word
 K - a scroll of fear
Potions
 d - 3 potions of might
 i - a potion of heal wounds
 l - a potion of lignification
 m - a potion of berserk rage
 n - 2 potions of agility
 q - a potion of resistance
 s - 2 potions of mutation
 E - a potion of cancellation
 F - 3 potions of curing
 I - a potion of invisibility {unknown}
 L - a potion of magic {unknown}
Miscellaneous
 t - a disc of storms
 y - a sack of spiders {used: 2}
Comestibles
 a - 12 beef jerkies
 f - 8 bread rations
 v - 6 fruits
 w - 3 chunks of flesh
 G - 10 royal jellies


   Skills:
 * Level 6.1 Fighting
 + Level 10.2 Maces & Flails
 - Level 10.3 Armour
 + Level 0.4 Dodging
 - Level 8.3 Shields
 + Level 9.8 Evocations


You had 10 spell levels left.
You didn't know any spells.

Dungeon Overview and Level Annotations

Branches:
Dungeon (11/15)            Temple (0/1) D:5            Lair (0/8) D:11
    Orc (0/2) D:10

Altars:
Cheibriados
Dithmenos
Elyvilon
Fedhas
Makhleb
Nemelex Xobeh
Pakellas
Qazlal
Ru
Sif Muna
Trog
Xom
Yredelemnul
Zin
The Shining One
Beogh


Innate Abilities, Weirdness & Mutations

You are resistant to damage.
You can recharge devices by infusing magical energy.
You passively map the area around you.
You do not regenerate naturally.


Message History

You hit the komodo dragon.
The komodo dragon is poisoned.
The komodo dragon is lightly wounded.
You block the komodo dragon's attack.
You barely miss the komodo dragon.
The komodo dragon is lightly wounded.
The komodo dragon bites you!
* * * LOW HITPOINT WARNING * * *
You hit the komodo dragon but do no damage.
The komodo dragon is lightly wounded.
You hit the komodo dragon.
The komodo dragon looks even sicker.
The komodo dragon is lightly wounded.
The komodo dragon bites you!!
* * * LOW HITPOINT WARNING * * *
You hit the komodo dragon.
The komodo dragon is moderately wounded.
You hit the komodo dragon but do no damage.
The komodo dragon is moderately wounded.
The komodo dragon bites you!!
You die...
Pakellas says: Good help is so hard to find these days!

### ### ##.##
####.#### ##
###...###.##....#
.####........#...#####
#.#......#......## $#
#..............#.# #.#
...[.†.#...##...###'.#
...##..##....###@l$#
#.#.)###..#### ###..#
..#### ###>* ..## ###
## *####
#################
...............>#
###.####.#....#
#.###.#.#.###.##* *
#.##.†...........


You could see a komodo dragon.

Vanquished Creatures
  Erica (D:8)
  Pikel (D:6)
  A hill giant (D:10)
  A centaur zombie (D:10)
  A gargoyle (D:10)
  Prince Ribbit (D:5)
  10 yaks (D:10)
  3 wyverns
  A hippogriff (D:9)
  A mottled dragon (D:11)
  Menkaure (D:5)
  A water moccasin (D:10)
  Duvessa (D:6)
  4 wasps (D:8)
  2 sky beasts (D:9)
  6 orc warriors
  3 ice beasts
  4 ogres
  3 phantoms
  5 centaurs
  4 crocodiles (D:11)
  2 big kobolds
  5 giant frogs
  Blork the orc (D:5)
  Dowan (D:6)
  A scorpion (D:8)
  2 jellies
  5 wights (D:7)
  A giant frog zombie (D:5)
  A wasp zombie (D:8)
  3 crimson imps
  5 hounds
  7 orc wizards
  7 iguanas
  10 orc priests
  2 centaur skeletons
  Natasha (thrice) (D:2)
  A worker ant (D:4)
  A howler monkey zombie (D:9)
  A howler monkey skeleton (D:4)
  2 worker ant zombies
  4 gnolls (D:2)
  11 adders
  3 shadow imps
  An ooze (D:1)
  An adder zombie (D:7)
  5 worms
  5 adder skeletons
  A dart slug (D:3)
  6 giant geckos
  47 orcs
  9 bats
  6 giant cockroaches
  2 gnoll zombies (D:2)
  3 goblins
  7 hobgoblins
  12 kobolds
  5 quokkas
  3 ball pythons (D:3)
  2 giant newts
  A jackal zombie (D:5)
  8 rats
258 creatures vanquished.

Vanquished Creatures (collateral kills)
  A hydra (D:10)
  A jelly (D:10)
2 creatures vanquished.

Vanquished Creatures (others)
  An orc wizard (D:6)
  2 slaves (D:6)
  An orc priest (D:6)
  A giant frog skeleton (D:6)
5 creatures vanquished.

Grand Total: 265 creatures vanquished

Notes
Turn   | Place    | Note
--------------------------------------------------------------
     0 | D:1      | Tarnath the Deep Dwarf Fighter began the quest for the Orb.
     0 | D:1      | Reached XP level 1. HP: 20/20 MP: 1/1
    87 | D:1      | Reached skill level 1 in Evocations
   149 | D:1      | Reached XP level 2. HP: 25/27 MP: 3/3
   546 | D:2      | Noticed Natasha
   550 | D:2      | Killed Natasha
   550 | D:2      | Reached XP level 3. HP: 27/33 MP: 4/4
   616 | D:2      | Found an oddly glowing altar of Pakellas.
   623 | D:2      | Became a worshipper of Pakellas the Inventive
   763 | D:2      | Found a blossoming altar of Fedhas.
   833 | D:2      | Noticed Natasha
   846 | D:2      | Killed Natasha
   846 | D:2      | Reached XP level 4. HP: 15/40 MP: 4/6
   909 | D:2      | Noticed Natasha
   920 | D:2      | Killed Natasha
  1019 | D:2      | Reached XP level 5. HP: 10/46 MP: 7/7
  1131 | D:2      | Found a white marble altar of Elyvilon.
  1272 | D:2      | Reached * piety under Pakellas
  1272 | D:2      | Received a gift from Pakellas
  1414 | D:2      | Found a basalt altar of Yredelemnul.
  1962 | D:3      | Found a bloodstained altar of Trog.
  1962 | D:3      | Found a glowing golden altar of the Shining One.
  2073 | D:3      | Upgraded the game from 0.18-a0-1784-ga939a68 to 0.18-a0-1788-g92de1ac
  2472 | D:4      | Reached XP level 6. HP: 35/55 MP: 8/8
  2649 | D:4      | Reached skill level 5 in Maces & Flails
  2742 | D:4      | Found a sparkling altar of Nemelex Xobeh.
  2934 | D:4      | Reached XP level 7. HP: 27/61 MP: 7/10
  3350 | D:5      | Entered Level 5 of the Dungeon
  3410 | D:5      | Found a burning altar of Makhleb.
  3447 | D:5      | Found a staircase to the Ecumenical Temple.
  3453 | D:5      | Noticed Menkaure
  3641 | D:5      | Killed Menkaure
  3663 | D:5      | Noticed Prince Ribbit
  3723 | D:5      | Reached skill level 5 in Evocations
  3829 | D:5      | Noticed Blork the orc
  3848 | D:5      | Killed Blork the orc
  3848 | D:5      | Reached ** piety under Pakellas
  3848 | D:5      | Received a gift from Pakellas
  3861 | D:5      | Reached skill level 5 in Armour
  3896 | D:5      | Killed Prince Ribbit
  3896 | D:5      | Reached XP level 8. HP: 42/68 MP: 4/12
  4018 | D:5      | Found a stormy altar of Qazlal.
  4020 | D:5      | Noticed an air elemental
  4079 | D:5      | Found a deep blue altar of Sif Muna.
  4611 | D:6      | Noticed Pikel
  4637 | D:6      | Killed Pikel
  4637 | D:6      | Gained mutation: You passively map the area around you. [Deep Dwarf growth]
  4637 | D:6      | Reached XP level 9. HP: 35/74 MP: 9/14
  4660 | D:6      | Found a shimmering altar of Xom.
  4660 | D:6      | Found a glowing silver altar of Zin.
  4660 | D:6      | Noticed an angel
  4735 | D:6      | Noticed Dowan
  4736 | D:6      | Noticed Duvessa
  4742 | D:6      | Killed Duvessa
  4751 | D:6      | Killed Dowan
  4916 | D:6      | Found a shadowy altar of Dithmenos.
  5615 | D:7      | Reached skill level 5 in Shields
  6312 | D:8      | Found a sacrificial altar of Ru.
  6377 | D:8      | Found a snail-covered altar of Cheibriados.
  6433 | D:8      | Reached *** piety under Pakellas
  6433 | D:8      | Received a gift from Pakellas
  6478 | D:8      | Reached XP level 10. HP: 65/85 MP: 8/16
  6635 | D:8      | Noticed Erica
  6657 | D:8      | Killed Erica
  7736 | D:10     | Entered Level 10 of the Dungeon
  7867 | D:10     | Reached skill level 5 in Fighting
  7966 | D:10     | Noticed a hill giant
  7982 | D:10     | Killed a hill giant
  8029 | D:10     | Noticed a seven-headed hydra
  8045 | D:10     | Killed a seven-headed hydra
  8331 | D:10     | Noticed a gargoyle
  8345 | D:10     | Killed a gargoyle
  8345 | D:10     | Reached XP level 11. HP: 35/96 MP: 7/17
  8374 | D:10     | Found a roughly hewn altar of Beogh.
  8374 | D:10     | Found a staircase to the Orcish Mines.
  8413 | D:10     | Reached skill level 10 in Maces & Flails
  8466 | D:10     | Reached **** piety under Pakellas
  8466 | D:10     | Received a gift from Pakellas
  8467 | D:10     | Reached skill level 10 in Armour
  9056 | D:11     | Found a staircase to the Lair.
  9090 | D:11     | Mangled by a komodo dragon

Vault maps used:
D:1:      eino_arrival_cavern_a
D:2:      grunt_pakellas_mercury, lemuel_zombie_altar_yredelemnul,
          lemuel_coloured_pillars_altar, elyvilon_altar_3, uniq_natasha
D:3:      gammafunk_temple_overflow_pools
D:4:      nemelex_xobeh_ov_fountains_minmay, hex_tiny, minmay_crystal_water
D:5:      lightli_temple_of_fire, led_sif_book,
          nicolae_qazlal_style_of_elements, minmay_temple_entry_trees,
          first_bread, uniq_menkaure, uniq_prince_ribbit1, uniq_blork_the_orc
D:6:      grunt_temple_overflow_order_and_chaos_1, lemuel_crystal_altar,
          uniq_pikel, uniq_duvessa
D:8:      kennysheep_little_box, basic_altar, hangedman_pestilent_swarm,
          uniq_erica
D:10:     david_orc_5
D:11:     erik_lair_dragon, st_stairs_8, uniq_josephine, uniq_sonja

Skill      XL: |  1  2  3  4  5  6  7  8  9 10 11 |
---------------+----------------------------------+-----
Evocations     | 1 2 3 4 5 7 8 9 |  9.8
Maces & Flails | 3 4 5 7 8 9 10 | 10.2
Shields        | 4 6 8 |  8.3
Armour         | 4 5 6 7 9 10 | 10.3
Fighting       | 3 5 6 |  6.1
Dodging        | |  0.4

Action                   |  1- 3 |  4- 6 |  7- 9 | 10-12 || total
-------------------------+-------+-------+-------+-------++-------
Melee: Hand axe          |    66 |       |       |       ||    66
       Flail             |    57 |   312 |    17 |       ||   386
       Mace              |       |       |   522 |   502 ||  1024
       Whip              |       |       |       |    66 ||    66
Invok: Quick Charge      |       |     6 |    11 |     3 ||    20
       Device Surge      |       |       |       |     2 ||     2
Evoke: Wand              |       |    12 |    61 |    41 ||   114
       Sack of spiders   |       |       |     3 |     2 ||     5
  Use: Scroll            |     5 |     5 |     9 |     8 ||    27
       Potion            |       |     1 |       |       ||     1
 Stab: Confused          |       |       |       |     5 ||     5
  Eat: Chunk             |       |     8 |     5 |     8 ||    21
       Meat ration       |       |       |     2 |       ||     2
       Pizza             |       |       |     1 |       ||     1
Armor: Scale mail        |    59 |    99 |   209 |   204 ||   571
       Leather armour    |       |     9 |       |       ||     9
Dodge: Dodged            |    56 |    98 |   134 |   142 ||   430
Block: Shield            |    90 |   175 |   233 |   268 ||   766
